Map: 強酸工廠 - 天梯版

Players

大歐派蘿莉

  • Race: Protoss Protoss
  • League: Diamond
  • Spawn Location: 11:00

A.I.(精英) - Winner!

  • Race: Terran Terran
  • Spawn Location: 5:00

VOD

Have the link to the VOD?

Description

Time

  • Played on: May 3, 2018, 7:02 a.m.
  • Length: 5:22
Show
View Real Time Build Order
Export as new Build Order

大歐派蘿莉 Protoss 

Build Orders: 1 Gate Expand 

Get SALT Encoding   

  12  0:01  Probe  
  13  0:13  Probe  
  14  0:24  Pylon  
  14  0:25  Probe  
  15  0:39  Probe  
  16  0:43  Gateway  
  16  0:47  Probe  
  16  0:53  Assimilator  
  17  0:57  Probe  
  18  1:06  Probe  
  19  1:14  Probe  
  20  1:23  Probe  
  21  1:32  Nexus  
  21  1:36  Probe  
  22  1:47  Cybernetics Core  
  22  1:56  Pylon  
  22  2:02  Probe  
  22  2:07  Assimilator  
  23  2:14  Warp Gate  
  23  2:22  Probe  
  24  2:34  Probe  
  24  2:35  Adept  
  27  2:37  Robotics Facility  
  27  2:46  Probe x2  
  29  2:54  Adept  
  29  2:58  Probe x2  
  33  3:10  Probe x2  
  35  3:15  Immortal  
  35  3:21  Adept  
  35  3:22  Probe x2  
  43  3:34  Probe x2  
  45  3:44  Pylon  
  45  3:46  Probe  
  46  3:49  Immortal  
  46  3:54  Pylon  
  46  4:02  Probe  
  51  4:17  Adept  
  53  4:18  Immortal  
  57  4:31  Pylon  
  57  4:35  Probe x2  
  59  4:43  Pylon  
  59  4:44  Pylon  
  59  4:45  Pylon x2  
  59  4:47  Pylon  
  59  4:49  Adept  
  65  5:10  Gateway  
  65  5:11  Gateway  
  65  5:14  Adept, Gateway  
Show
View Real Time Build Order
Export as new Build Order

A.I.(精英) Terran - Winner!

Build Orders:  

Get SALT Encoding   

  12  0:00  SCV  
  13  0:13  SCV  
  14  0:19  Supply Depot  
  14  0:25  SCV  
  15  0:40  SCV  
  16  0:44  Barracks  
  16  0:53  SCV  
  17  1:05  SCV  
  18  1:17  SCV  
  19  1:19  Supply Depot  
  19  1:23  Refinery  
  19  1:29  SCV  
  20  1:33  Marine  
  21  1:41  SCV  
  22  1:49  Refinery  
  22  1:51  Marine  
  22  1:53  SCV  
  24  2:05  SCV  
  25  2:08  Marine  
  26  2:17  SCV  
  27  2:23  Factory  
  27  2:26  Marine  
  27  2:29  SCV  
  29  2:41  Factory, SCV  
  30  2:44  Marine  
  30  2:46  Supply Depot  
  31  2:54  Orbital Command  
  31  3:07  Factory Tech Lab  
  31  3:08  Marine  
  31  3:19  SCV  
  32  3:23  Command Center  
  32  3:24  Factory Tech Lab  
  32  3:26  Marine  
  33  3:31  SCV  
  34  3:43  SCV  
  35  3:55  SCV  
  36  4:04  Barracks  
  36  4:07  SCV  
  37  4:15  Supply Depot  
  37  4:19  SCV  
  38  4:31  SCV  
  38  4:34  Siege Tank x2, SCV  
  46  4:38  Supply Depot  
  46  4:39  Marine  
  46  4:43  SCV  
  48  4:46  SCV  
  48  4:50  Supply Depot  
  49  4:56  SCV  
  49  4:59  SCV  
  51  5:03  Barracks  
  54  5:08  SCV  
  59  5:19  Supply Depot  
Tags
 
Add a new tag
Caveats
  • Supply blocks, unpowered buildings, or Contaminate may cause inaccurate times.
  • Supply counts are checked every 10 seconds.